 Dungeon Crawl Stone Soup version 0.21.0-25-ge575cb9 (webtiles) character file.

35585 Mesmaeker13 the Grappler (level 13, -3/202 HPs)
             Began as a Troll Monk on Jan 22, 2018.
             Succumbed to a swamp dragon's poison gas
             ... on level 5 of the Lair of Beasts.
             The game lasted 00:33:02 (16134 turns).

Mesmaeker13 the Grappler (Troll Monk)              Turns: 16134, Time: 00:33:03

Health: -3/202     AC:  6    Str: 29    XL:     13   Next: 48%
Magic:  18/18      EV: 15    Int: 12    God:    Xom [....*.]
Gold:   960        SH:  0    Dex: 14    Spells: 12/12 levels left

rFire    . . .     SeeInvis .   H - +8 demon blade "Bloodbane" {slice, *Rage +Rage Stlth-}
rCold    . . .     Gourm    +   (no shield)
rNeg     + . .     Faith    .   a - +0 robe
rPois    .         Spirit   .   (helmet restricted)
rElec    .         Reflect  .   m - +0 cloak
rCorr    +         Harm     .   (gloves unavailable)
MR       ++...     Rnd*Rage +   (boots unavailable)
Stlth    ..........             (no amulet)
HPRegen  0.83/turn              E - ring "Punyppua" {rN+ MR+ Int+4}
MPRegen  0.16/turn              n - ring of resist corrosion

@: berserking (expiring), lethally poisoned (-3 -> -69), very quick
A: large, unfitting armour, antennae 1, claws 3, talons 1, thin skeletal
structure 1, blurry vision 1, fast metabolism 3, gourmand, magic resistance 1,
regeneration 1, shaggy fur 1, tough skin 2
a: Renounce Religion, Evoke Berserk Rage


You were on level 5 of the Lair of Beasts.
You worshipped Xom.
You were a beloved toy of Xom.
You were very full.

You visited 2 branches of the dungeon, and saw 17 of its levels.

You collected 1072 gold pieces.
You spent 112 gold pieces at shops.

Inventory:

Hand Weapons
 H - the +8 demon blade "Bloodbane" (weapon) {slice, *Rage +Rage Stlth-}
   (You found it on level 11 of the Dungeon)

   It inflicts extra damage upon your enemies.
   It lets you go berserk.
   It may make you go berserk in combat.
   It makes you less stealthy.
Missiles
 c - 5 large rocks (quivered)
 w - 5 poisoned javelins
 Q - 3 javelins of penetration
Armour
 a - a +0 robe (worn)
 k - a +0 large shield
 m - a +0 cloak (worn)
Jewellery
 j - an uncursed ring of protection from fire
 n - a ring of resist corrosion (right claw)
 o - an uncursed ring of see invisible
 z - an uncursed ring of flight
 E - the ring "Punyppua" (left claw) {rN+ MR+ Int+4}
   (You found it on level 8 of the Dungeon)

   [ring of intelligence]

   It affects your intelligence (+4).
   It protects you from negative energy.
   It affects your resistance to hostile enchantments.
 F - an uncursed ring of positive energy
Wands
 y - a wand of paralysis (6)
 B - a wand of disintegration (7)
 D - a wand of digging (20)
 L - a wand of polymorph (9)
 N - a wand of acid (17)
 O - a wand of clouds (5)
Scrolls
 d - 9 scrolls of teleportation
 f - 4 scrolls of enchant armour
 g - 3 scrolls of immolation
 i - 5 scrolls of remove curse
 p - 3 scrolls of enchant weapon
 r - 3 scrolls of fear
 u - 2 scrolls of blinking
 G - a scroll of holy word
Potions
 h - 2 potions of ambrosia
 l - a potion of heal wounds
 q - 2 potions of curing
 t - 4 potions of flight {unknown}
 x - 2 potions of resistance
 A - 2 potions of brilliance
 C - 2 potions of cancellation {unknown}
 I - a potion of might
 J - a potion of haste
 M - a potion of agility
Books
 e - a book of Misfortune

   Spells                             Type                      Level
   a - Confusing Touch                Hexes                        1
   b - Confuse                        Hexes                        3
   c - Gell's Gravitas                Translocation                3
   d - Petrify                        Transmutation/Earth          4
   e - Metabolic Englaciation         Hexes/Ice                    5
   f - Yara's Violent Unravelling     Hexes/Transmutation          5
 v - a book of Enchantments

   Spells                             Type                      Level
   a - Cause Fear                     Hexes                        4
   b - Yara's Violent Unravelling     Hexes/Transmutation          5
   c - Silence                        Hexes/Air                    5
   d - Deflect Missiles               Charms/Air                   6
   e - Discord                        Hexes                        8
 P - a book of Changes

   Spells                             Type                      Level
   a - Beastly Appendage              Transmutation                1
   b - Sticks to Snakes               Transmutation                2
   c - Spider Form                    Transmutation/Poison         3
   d - Ice Form                       Ice/Transmutation            4
   e - Blade Hands                    Transmutation                5
Comestibles
 b - 31 rations


   Skills:
 + Level 10.6 Fighting
 - Level 9.3 Dodging
 - Level 1.0 Stealth
 + Level 5.1 Shields
 + Level 12.4 Unarmed Combat
 + Level 8.1 Evocations


You had 12 spell levels left.
You didn't know any spells.

Dungeon Overview and Level Annotations

Branches:
Dungeon (11/15)            Temple (0/1) D:7            Lair (6/6) D:11
 Shoals (0/4) Lair:4        Snake (0/4) Lair:2
  Slime: Lair:5-6       Orc: D:9-12

Altars:
Dithmenos
Elyvilon
Fedhas
Gozag
Nemelex Xobeh
Okawaru
Sif Muna
Xom
Zin

Shops:
D:8 *   D:11 ?

Annotations:
Lair:1 exclusion: 4 oklob plants


Innate Abilities, Weirdness & Mutations

You are too large for most types of armour.
You have claws for hands.
Your metabolism is lightning-fast.
You like to eat raw meat.
Your natural rate of healing is unusually fast.
You are covered in fur. (AC +1)
You have very tough skin. (AC +2)
You have a pair of small antennae on your head.
You have sharp toenails.
You have a somewhat thin skeletal structure. (Dex +2, Stealth)
Scrolls take you a little longer to read.
You are resistant to hostile enchantments. (MR+)


Message History

* * * LOW HITPOINT WARNING * * *
x2 You feel extremely sick.
The elephant tramples you.
* * * LOW HITPOINT WARNING * * *
You stumble backwards!
The swamp dragon bites you.
* * * LOW HITPOINT WARNING * * *
The swamp dragon barely misses you.
The swamp dragon tramples you but does no damage.
You completely miss the elephant. You claw the elephant. You claw the elephant!
You kill the elephant!
* * * LOW HITPOINT WARNING * * *
You feel very sick. The swamp dragon bites you.
* * * LOW HITPOINT WARNING * * *
The swamp dragon barely misses you.
The swamp dragon tramples you but does no damage.
You hit the elephant but do no damage. You claw the elephant.
The elephant is lightly wounded.
You die...
Xom roars with laughter!

##.##.### ######.# ###.#####
#...##..###P#...#####.#....#.
##.....<.....................
##...........................#
#.P...........................
#........##...#...P#..........
##......#..#.##..P##..........
##...........................
#.....)...Y@.#..............
##........†D.................
#............................
##...........>...............
#............................
#......P.....................
##.....P......#..............
##...........................
##......>....#.....##...#.....


You could see an elephant and a swamp dragon.

Vanquished Creatures
  The ghost of dobroeutro the Fencer, a journeyman DsFi of Okawaru (Lair:3)
  An ettin (Lair:4)
  A fire dragon (Lair:3)
  2 hydras
  A catoblepas (Lair:4)
  A two-headed ogre (D:11)
  A wizard (D:9)
  The ghost of CasualChangeling the Slasher, a novice MiBe of Trog (D:5)
  A cyclops (D:11)
  4 oklob plants (Lair:5)
  5 black mambas
  4 merfolk sirens (Lair:4)
  11 elephants (Lair:5)
  The ghost of SkySaito the Gusty, a novice HuAE (D:3)
  9 spiny frogs
  A rime drake (Lair:1)
  3 komodo dragons
  A troll (D:10)
  12 blink frogs
  A hornet (D:9)
  12 hippogriffs
  26 yaks
  4 basilisks
  A fire elemental (Lair:3)
  4 nagas (Lair:2)
  A hungry ghost (D:10)
  4 water moccasins
  9 porcupines
  4 orc warriors
  A sky beast (D:5)
  3 ogres
  A black bear (D:11)
  12 wolves
  A tengu (Lair:1)
  2 phantoms (D:9)
  6 centaurs
  12 crocodiles
  9 bullfrogs
  A gnoll sergeant (D:11)
  A wyvern zombie (D:9)
  A wyvern skeleton (D:6)
  2 scorpions (D:7)
  7 killer bees
  5 wights (D:9)
  3 howler monkeys
  An electric eel (Lair:4)
  A bullfrog zombie (D:6)
  A centaur zombie (D:6)
  6 crimson imps
  2 orc priests
  2 jellies
  3 hounds
  6 orc wizards
  3 centaur skeletons
  Terence (D:2)
  10 hell rats (Lair:1)
  3 iguanas
  5 worker ants
  2 worker ant zombies
  A howler monkey skeleton (D:5)
  5 gnolls (D:3)
  8 adders
  11 river rats (Lair:1)
  6 shadow imps
  2 oozes (D:2)
  2 adder skeletons
  3 worms
  3 dart slugs
  2 leopard geckos
  30 orcs
  3 bats
  4 giant cockroaches
  10 goblins
  5 hobgoblins
  11 jackals
  5 kobolds
  11 quokkas
  A ball python (D:8)
  11 frilled lizards
  15 rats
  2 fungi (D:11)
  8 plants (Lair:5)
399 creatures vanquished.

Vanquished Creatures (collateral kills)
  A black bear (D:6)
  An orc priest (D:3)
  2 gnolls (D:3)
  2 orcs (D:5)
  A hobgoblin (D:3)
7 creatures vanquished.

Vanquished Creatures (others)
  A spriggan (D:7)
  4 yaks
  A porcupine (D:11)
  A black bear (D:11)
  2 bullfrogs
  A quokka (Lair:1)
  A rat (Lair:1)
  27 fungi (D:11)
  9 plants
47 creatures vanquished.

Grand Total: 453 creatures vanquished

Notes
Turn   | Place    | Note
-------+----------+-------------------------------------------
     0 | D:1      | Mesmaeker13 the Troll Monk began the quest for the Orb.
     0 | D:1      | Reached XP level 1. HP: 22/22 MP: 0/0
   286 | D:1      | Reached XP level 2. HP: 27/29 MP: 1/1
   515 | D:2      | Reached XP level 3. HP: 28/36 MP: 2/2
   715 | D:2      | Found a sparkling altar of Nemelex Xobeh.
   725 | D:2      | Found a shimmering altar of Xom.
   729 | D:2      | Found a shadowy altar of Dithmenos.
   741 | D:2      | Became a worshipper of Xom of Unknown Intention
   816 | D:2      | Noticed Terence
   822 | D:2      | Killed Terence
   822 | D:2      | Reached XP level 4. HP: 35/45 MP: 3/3
  1361 | D:3      | Noticed SkySaito's ghost (novice HuAE)
  1385 | D:3      | Reached skill level 4 in Unarmed Combat
  1543 | D:3      | XOM: mild Summ miscast
  1777 | D:3      | XOM: divination: magic mapping
  1845 | D:3      | XOM: divination: detect items
  1918 | D:3      | Reached XP level 5. HP: 53/53 MP: 4/4
  2234 | D:3      | XOM is BORED!
  2234 | D:3      | XOM: mild Tloc miscast
  2300 | D:3      | XOM: destruction
  2310 | D:3      | Killed SkySaito's ghost
  2310 | D:3      | Reached skill level 5 in Unarmed Combat
  2310 | D:3      | Reached XP level 6. HP: 34/62 MP: 5/5
  2373 | D:3      | XOM: give mutations
  2373 | D:3      | Gained mutation: You have a somewhat thin skeletal structure. (Dex +2, Stealth) [Xom's grace]
  2373 | D:3      | Gained mutation: You are somewhat resistant to further mutation. [Xom's grace]
  2429 | D:3      | Found an iron altar of Okawaru.
  2546 | D:4      | Reached XP level 7. HP: 70/70 MP: 6/6
  2596 | D:4      | XOM: divination: detect items
  2713 | D:4      | XOM: cloud trail
  2890 | D:4      | Found a white marble altar of Elyvilon.
  2900 | D:4      | XOM: summons 2 hostile demons
  3097 | D:5      | XOM: stealth player
  3097 | D:5      | Entered Level 5 of the Dungeon
  3340 | D:5      | XOM: scenery: create altars
  3354 | D:5      | Noticed CasualChangeling's ghost (novice MiBe)
  3357 | D:5      | XOM: summons 4 friendly demons
  3366 | D:5      | Reached skill level 6 in Unarmed Combat
  3369 | D:5      | XOM: summons friendly ufetubus
  3383 | D:5      | Killed CasualChangeling's ghost
  3383 | D:5      | Reached skill level 5 in Fighting
  3383 | D:5      | Reached skill level 5 in Dodging
  3383 | D:5      | Reached XP level 8. HP: 60/81 MP: 7/7
  3405 | D:5      | XOM: god gift: 5 poisoned javelins
  3925 | D:6      | Reached skill level 7 in Unarmed Combat
  3962 | D:6      | XOM: summons friendly quasit
  4041 | D:6      | XOM: cloud trail
  4135 | D:6      | XOM: polymorph quasit -> ynoxinul
  4222 | D:6      | XOM is BORED!
  4278 | D:6      | XOM: smoke on damage
  4409 | D:6      | XOM: divination: detect creatures
  4534 | D:6      | Found a glowing silver altar of Zin.
  4536 | D:6      | Found an opulent altar of Gozag.
  4536 | D:6      | Found a hazy altar of Hepliaklqana.
  4538 | D:6      | Found a glowing silver altar of Zin.
  4538 | D:6      | Found a sparkling altar of Nemelex Xobeh.
  4538 | D:6      | Found a shimmering altar of Xom.
  4611 | D:6      | XOM: scenery: create altars
  4659 | D:7      | XOM: cleaving
  4662 | D:7      | XOM: enchant monster (good)
  4682 | D:7      | Reached skill level 1 in Evocations
  4720 | D:7      | Found a deep blue altar of Sif Muna.
  4729 | D:7      | Reached XP level 9. HP: 84/89 MP: 8/8
  4909 | D:7      | Found a staircase to the Ecumenical Temple.
  5031 | D:7      | Found a blossoming altar of Fedhas.
  5034 | D:7      | XOM: smoke on damage
  5036 | D:7      | XOM: fog
  5160 | D:7      | XOM: fog
  5230 | D:7      | XOM: divine lightning
  5562 | D:8      | Found Goosi's Assorted Antiques.
  5571 | D:8      | Bought a scroll of identify for 56 gold pieces
  5571 | D:8      | Bought a scroll of identify for 56 gold pieces
  5576 | D:8      | XOM is BORED!
  5576 | D:8      | XOM: mild Air miscast
  5645 | D:8      | XOM: god gift: 8 curare-tipped needles
  5724 | D:8      | Got a sparkling glass ring
  5738 | D:8      | XOM: blink monster(s)
  5828 | D:8      | Identified the ring "Punyppua" {rN+ MR+ Int+4} (You found it on level 8 of the Dungeon)
  5855 | D:8      | XOM: mild Summ miscast
  6130 | D:9      | Reached skill level 8 in Unarmed Combat
  6169 | D:9      | XOM: blink monster(s)
  6206 | D:9      | XOM: mild Conj miscast
  6215 | D:8      | XOM: divine lightning
  6321 | D:9      | XOM: cleaving
  6332 | D:9      | XOM: harmless Conj miscast
  6749 | D:9      | Reached XP level 10. HP: 90/102 MP: 11/11
  6810 | D:9      | XOM: medium Conj miscast
  7173 | D:9      | Noticed a wizard
  7177 | D:9      | XOM: mild Tmut miscast
  7180 | D:9      | Killed a wizard
  7186 | D:9      | Noticed a large abomination
  7186 | D:9      | Noticed a large abomination
  7187 | D:9      | Noticed a large abomination
  7189 | D:9      | XOM: blink monster(s)
  7304 | D:10     | Entered Level 10 of the Dungeon
  7369 | D:10     | Reached skill level 9 in Unarmed Combat
  7372 | D:10     | XOM: enchant monster (good)
  7374 | D:10     | XOM: divination: detect creatures
  7533 | D:10     | XOM is BORED!
  7533 | D:10     | XOM: give mutations
  7533 | D:10     | Gained mutation: Armour fits poorly on your strangely shaped body. [Xom's mischief]
  7533 | D:10     | Lost mutation: You are somewhat resistant to further mutation. [Xom's mischief]
  7533 | D:10     | Gained mutation: You are dopey. (Int -2) [Xom's mischief]
  7533 | D:10     | Lost mutation: You are dopey. (Int -2) [Xom's mischief]
  7569 | D:10     | XOM: 2-stop teleportation journey
  7661 | D:10     | XOM: polymorph hound -> iguana
  7871 | D:10     | XOM: polymorph quasit -> shadow imp
  7929 | D:11     | XOM: divine lightning
  7933 | D:11     | XOM: divine lightning
  7990 | D:11     | Found a staircase to the Lair.
  7994 | D:11     | Noticed a two-headed ogre
  7996 | D:11     | XOM: destruction
  8002 | D:11     | Killed a two-headed ogre
  8012 | D:11     | Found Witau's Magic Scroll Shoppe.
  8132 | D:11     | Found the +8 demon blade "Bloodbane" {slice, *Rage +Rage Stlth-}
  8302 | D:11     | XOM: cast spell 'Cause Fear'
  8317 | D:11     | Reached XP level 11. HP: 79/111 MP: 13/13
  8447 | D:11     | XOM: divination: detect items
  8492 | D:11     | XOM: scenery: 1 doors open, 1 doors close
  8550 | D:11     | XOM: god gift: club {god gift}
  8689 | D:11     | XOM: give mutations
  8689 | D:11     | Gained mutation: You have sharp toenails. [Xom's grace]
  8689 | D:11     | Gained mutation: You are resistant to electric shocks. (rElec) [Xom's grace]
  8689 | D:11     | Gained mutation: You have a pair of small antennae on your head. [Xom's grace]
  8900 | D:11     | XOM: summons 4 hostile demons
  8943 | Lair:1   | Entered Level 1 of the Lair of Beasts
  8947 | Lair:1   | XOM: cleaving
  9002 | D:11     | Reached skill level 5 in Evocations
  9002 | D:11     | XOM: divine lightning
  9178 | Lair:1   | XOM: summons 3 friendly demons
  9239 | Lair:1   | XOM: noise
  9251 | Lair:1   | Reached skill level 10 in Unarmed Combat
  9256 | Lair:1   | XOM: noise
  9267 | Lair:1   | XOM: polymorph water moccasin -> tengu
  9435 | Lair:1   | Noticed a five-headed hydra
  9567 | Lair:1   | XOM: medium Air miscast
  9692 | Lair:1   | XOM: harmless Fire miscast
  9958 | Lair:1   | Killed a ten-headed hydra
 10272 | Lair:1   | XOM: divination: detect creatures
 10288 | Lair:1   | XOM: summons 3 friendly demons
 10289 | Lair:1   | XOM: cast spell 'Olgreb's Toxic Radiance'
 10307 | Lair:1   | XOM: scenery: 2 fountains blood, 1 doors open, 1 doors close
 10346 | Lair:1   | XOM: potion effect (berserk rage)
 10433 | Lair:1   | XOM: harmless Ice miscast
 10580 | Lair:1   | XOM: give mutation
 10580 | Lair:1   | Lost mutation: You are resistant to electric shocks. (rElec) [Xom's mischief]
 10677 | Lair:1   | Noticed an oklob plant
 10677 | Lair:1   | XOM: destruction
 10717 | Lair:1   | XOM: summons 1 hostile shadow creature
 10782 | Lair:1   | XOM: god gift: scroll of enchant weapon
 10865 | Lair:1   | XOM: divination: detect items
 10889 | Lair:1   | Noticed an oklob plant
 10889 | Lair:1   | Noticed an oklob plant
 10889 | Lair:1   | Noticed an oklob plant
 11146 | Lair:2   | Found a staircase to the Snake Pit.
 11149 | Lair:2   | XOM: 4-stop teleportation journey
 11180 | Lair:2   | Reached XP level 12. HP: 77/123 MP: 15/15
 11322 | Lair:2   | Noticed a five-headed hydra
 11333 | Lair:2   | Killed an eight-headed hydra
 11433 | Lair:2   | Reached skill level 11 in Unarmed Combat
 11529 | Lair:2   | XOM is BORED!
 11592 | Lair:2   | XOM: enchant monster (bad)
 11922 | Lair:2   | XOM: divination: detect items
 12123 | Lair:3   | XOM: god gift: halberd {god gift}
 12134 | Lair:3   | Noticed a seven-headed hydra
 12145 | Lair:3   | Noticed a fire dragon
 12145 | Lair:3   | a seven-headed hydra changed into a fire dragon
 12145 | Lair:3   | XOM: confuse monster(s)
 12160 | Lair:3   | Killed a fire dragon
 12160 | Lair:3   | Reached skill level 1 in Shields
 12163 | Lair:3   | Noticed dobroeutro's ghost (journeyman DsFi)
 12189 | Lair:3   | XOM: divination: detect creatures
 12256 | Lair:3   | XOM: medium Pois miscast
 12322 | Lair:3   | XOM: god gift: 3 javelins of penetration
 12349 | Lair:3   | XOM: enchant monster (good)
 12360 | Lair:3   | XOM: divine lightning
 12520 | Lair:3   | Killed dobroeutro's ghost
 12675 | Lair:3   | XOM: summons friendly iron imp
 13140 | Lair:4   | XOM: summons 11 friendly demons
 13150 | Lair:4   | Noticed a catoblepas
 13154 | Lair:3   | XOM: cleaving
 13357 | Lair:4   | XOM: summons friendly white imp
 13414 | Lair:4   | XOM: scenery: create altars
 13425 | Lair:3   | HP: 1/126 [komodo dragon (7)]
 13442 | Lair:3   | XOM: blink monster(s)
 13747 | Lair:4   | XOM: chaos upgrade
 13748 | Lair:4   | XOM: fake destruction
 13758 | Lair:4   | Reached skill level 10 in Fighting
 13940 | Lair:4   | Found a staircase to the Shoals.
 14162 | Lair:4   | Noticed a five-headed hydra
 14163 | Lair:4   | Noticed an ettin
 14163 | Lair:4   | a five-headed hydra changed into an ettin
 14167 | Lair:4   | XOM: enchant monster (bad)
 14171 | Lair:4   | Killed an ettin
 14171 | Lair:4   | Reached XP level 13. HP: 90/133 MP: 17/17
 14785 | Lair:4   | Reached skill level 12 in Unarmed Combat
 15207 | Lair:5   | XOM: summons 6 hostile demons
 15451 | Lair:5   | XOM: harmless Conj miscast
 15494 | Lair:5   | XOM: confuse monster(s)
 15507 | Lair:5   | XOM: enchant monster (good)
 15523 | Lair:5   | XOM: noise
 15711 | Lair:5   | Lost mutation: Armour fits poorly on your strangely shaped body. [potion of mutation]
 15711 | Lair:5   | Lost mutation: You have a pair of small antennae on your head. [potion of mutation]
 15711 | Lair:5   | Gained mutation: Scrolls take you a little longer to read. [potion of mutation]
 15711 | Lair:5   | Gained mutation: You are resistant to hostile enchantments. (MR+) [potion of mutation]
 15711 | Lair:5   | Gained mutation: You have a pair of small antennae on your head. [potion of mutation]
 15812 | Lair:5   | XOM: cleaving
 15850 | Lair:5   | XOM: destruction
 15970 | Lair:5   | XOM: destruction
 15978 | Lair:5   | XOM: enchant monster (good)
 15981 | Lair:5   | Reached skill level 5 in Shields
 16117 | Lair:5   | XOM: polymorph elephant -> swamp dragon
 16118 | Lair:6   | Entered Level 6 of the Lair of Beasts
 16133 | Lair:5   | HP: 8/202 [poisoned by a swamp dragon (poison gas)]
 16133 | Lair:5   | HP: 3/202 [swamp dragon (5)]
 16134 | Lair:5   | Succumbed to a swamp dragon's poison gas

Skill      XL: |  1  2  3  4  5  6  7  8  9 10 11 12 13 |
---------------+----------------------------------------+-----
Fighting       | 3 4 5 6 7 8 9 10 | 10.6
Dodging        | 3 4 5 6 7 8 9 |  9.3
Unarmed Combat | 4 5 6 7 8 9 10 11 12 | 12.4
Evocations     | 1 3 4 6 7 8 |  8.1
Shields        | 3 5 |  5.1
Stealth        | |  1.0

Action                   |  1- 3 |  4- 6 |  7- 9 | 10-12 | 13-15 || total
-------------------------+-------+-------+-------+-------+-------++-------
Melee: Unarmed           |    86 |    90 |   322 |   562 |   191 ||  1251
       Punch             |       |     2 |    10 |    40 |    21 ||    73
       Kick              |       |       |       |   167 |   104 ||   271
       Demon blade       |       |       |       |    50 |     9 ||    59
Throw: Large rock        |       |     1 |       |     2 |       ||     3
 Abil: Evoke Berserk Rag |       |       |       |     7 |     2 ||     9
Evoke: Wand              |       |       |     1 |    11 |       ||    12
  Use: Scroll            |     2 |     4 |     9 |     8 |     2 ||    25
       Potion            |       |       |     1 |     5 |     1 ||     7
 Stab: Sleeping          |     2 |     4 |    11 |     3 |     1 ||    21
       Distracted        |       |     1 |     3 |     1 |     1 ||     6
       Petrified         |       |       |       |     2 |       ||     2
       Petrifying        |       |       |       |     2 |     3 ||     5
       Paralysed         |       |       |       |     8 |       ||     8
       Confused          |       |       |       |       |     1 ||     1
  Eat: Chunk             |    13 |    16 |    38 |    75 |    18 ||   160
Armor: Robe              |    32 |    20 |    57 |    68 |    29 ||   206
Dodge: Dodged            |    36 |    47 |   172 |   388 |   126 ||   769
       Rpst.: Demon blade |       |       |       |     5 |     3 ||     8
